 Dungeon Crawl Stone Soup version 0.27-a0-684-g359e429f13 (webtiles) character file.

Game seed: 16854622272182779919

279770 Johnny the Trollish Blade (level 20, -5/215 HPs)
             Began as a Troll Berserker on Mar 19, 2021.
             Was a High Priest of Trog.
             Slain by an alligator snapping turtle (25 damage)
             ... on level 2 of the Shoals on Mar 20, 2021.
             The game lasted 00:55:26 (37480 turns).

Johnny the Trollish Blade (Troll Berserker)        Turns: 37480, Time: 00:55:27

Health: -5/215     AC: 28    Str: 36    XL:     20   Next: 4%
Magic:  19/19      EV:  5    Int:  3    God:    Trog [*****.]
Gold:   1575       SH:  0    Dex:  9    Spells: 19/19 levels left

rFire    + + .     SeeInvis +   V - +8 great sword of Zoixuk {vorpal, rF+ Stlth+}
rCold    + . .     Faith    +   (shield currently unavailable)
rNeg     . . .     Spirit   .   R - +9 scales of the Dragon King {rPois rF+ rC+ Will+}
rPois    +         Reflect  .   (helmet restricted)
rElec    +         Harm     .   E - +1 cloak
rCorr    +         Rampage  .   (gloves unavailable)
Will     +++..                  (boots unavailable)
Stlth    ..........             j - amulet of faith
HPRegen  2.45/turn              F - ring of Rous Kiw {Will- Dex+4 Slay+4 SInv}
MPRegen  0.16/turn              d - ring of Cuxew {rElec rPois rCorr Dex-4 Slay+3}

@: about to teleport, spiked, regenerating
A: large, unfitting armour, claws 3, regeneration 1, shaggy fur 1, tough skin 1
}: 1/15 runes: gossamer
a: Renounce Religion, Berserk, Trog's Hand, Brothers in Arms


You were on level 2 of the Shoals.
You worshipped Trog.
Trog was extremely pleased with you.
You visited 6 branches of the dungeon, and saw 32 of its levels.
You also visited: Sewer and Ice Cave.

You collected 3295 gold pieces.
You spent 1720 gold pieces at shops.

Inventory:

Hand Weapons
 i - a +8 vorpal triple sword
 m - a +9 antimagic triple sword
 V - the +8 great sword of Zoixuk (weapon) {vorpal, rF+ Stlth+}
   (Trog gifted it to you on level 14 of the Dungeon)

   It inflicts extra damage upon your enemies.
   It protects you from fire.
   It makes you more stealthy.
Armour
 E - a +1 cloak (worn)
 R - the +9 scales of the Dragon King (worn) {rPois rF+ rC+ Will+}
   (You bought it in a shop on level 7 of the Dungeon)

   It protects you from fire.
   It protects you from cold.
   It protects you from poison.
   It affects your willpower, your defense against some magical effects.
Jewellery
 d - the ring of Cuxew (left claw) {rElec rPois rCorr Dex-4 Slay+3}
   (You acquired it on level 1 of the Shoals)

   [ring of resist corrosion]

   It affects your dexterity (-4).
   It affects your accuracy and damage with ranged weapons and melee attacks
   (+3).
   It insulates you from electricity.
   It protects you from poison.
   It provides partial protection from all sources of acid and corrosion.
 j - an amulet of faith (around neck)
 F - the ring of Rous Kiw (right claw) {Will- Dex+4 Slay+4 SInv}
   (You found it on level 12 of the Dungeon)

   [ring of slaying]

   It affects your dexterity (+4).
   It affects your accuracy and damage with ranged weapons and melee attacks
   (+4).
   It affects your willpower, your defense against some magical effects.
   It lets you see invisible.
Wands
 Y - a wand of acid (1)
Scrolls
 b - 4 scrolls of noise
 k - 3 scrolls of vulnerability
 o - 3 scrolls of magic mapping
 p - 6 scrolls of fog
 q - a scroll of random uselessness
 u - a scroll of silence
 w - 5 scrolls of immolation
 x - 3 scrolls of enchant armour
 A - a scroll of holy word
 C - a scroll of torment
 J - 11 scrolls of teleportation
 N - 2 scrolls of brand weapon
Potions
 c - 4 potions of haste
 e - 9 potions of curing
 f - 2 potions of flight
 h - 4 potions of might
 l - 2 potions of cancellation
 r - 2 potions of brilliance
 s - 5 potions of heal wounds
 v - 7 potions of ambrosia
 D - 6 potions of lignification
 I - 3 potions of resistance
 K - 3 potions of magic
 O - a potion of berserk rage
 S - a potion of invisibility
 W - 3 potions of mutation
 Z - a potion of attraction
Miscellaneous
 a - a tin of tremorstones (2/2)
 z - a lightning rod (4/4)
 L - a box of beasts
 T - a condenser vane


   Skills:
 + Level 16.7 Fighting
 * Level 21.9 Long Blades
 + Level 5.4 Armour
 + Level 6.0 Dodging
 + Level 3.4 Stealth


You had 19 spell levels left.
You didn't know any spells.
Your spell library contained the following spells:

 Spells                   Type           Power      Damage    Failure   Level
 Animate Skeleton         Necr           0%         N/A       100%        1
 Freeze                   Ice            0%         1d3       100%        1
 Magic Dart               Conj           0%         1d3       100%        1
 Pain                     Necr           0%         1d4       100%        1
 Summon Small Mammal      Summ           0%         N/A       100%        1
 Blink                    Tloc           N/A        N/A       100%        2
 Call Imp                 Summ           0%         N/A       100%        2
 Searing Ray              Conj           0%         3d3       100%        2
 Slow                     Hex            0%         N/A       100%        2
 Call Canine Familiar     Summ           0%         N/A       100%        3
 Conjure Flame            Conj/Fire      0%         6-21      100%        3
 Dazzling Flash           Conj/Hex       0%         N/A       100%        3
 Frozen Ramparts          Ice            0%         1d2       100%        3
 Gell's Gravitas          Tloc           0%         N/A       100%        3
 Lesser Beckoning         Tloc           0%         N/A       100%        3
 Mephitic Cloud           Conj/Pois/Air  0%         N/A       100%        3
 Ozocubu's Armour         Ice            0%         N/A       100%        3
 Static Discharge         Conj/Air       0%         N/A       100%        3
 Stone Arrow              Conj/Erth      0%         3d7       100%        3
 Summon Guardian Golem    Hex/Summ       0%         N/A       100%        3
 Teleport Other           Tloc           0%         N/A       100%        3
 Vampiric Draining        Necr           0%         2d6       100%        3
 Animate Armour           Summ/Erth      0%         N/A       100%        4
 Animate Dead             Necr           0%         N/A       100%        4
 Fulminant Prism          Conj/Hex       0%         3d6       100%        4
 Hailstorm                Conj/Ice       0%         3d3       100%        4
 Iskenderun's Mystic Bla  Conj/Tloc      0%         2d3       100%        4
 Leda's Liquefaction      Hex/Erth       0%         N/A       100%        4
 Manifold Assault         Tloc           0%         N/A       100%        4
 Summon Ice Beast         Ice/Summ       0%         N/A       100%        4
 Summon Lightning Spire   Summ/Air       0%         N/A       100%        4
 Agony                    Necr           0%         N/A       100%        5
 Bolt of Magma            Conj/Fire/Erth 0%         4d4       100%        5
 Borgnjor's Vile Clutch   Necr/Erth      0%         N/A       100%        5
 Lee's Rapid Deconstruct  Erth           0%         3d5*      100%        5
 Lightning Bolt           Conj/Air       0%         1d11      100%        5
 Summon Mana Viper        Hex/Summ       0%         N/A       100%        5
 Death Channel            Necr           0%         N/A       100%        6
 Iron Shot                Conj/Erth      0%         9d1       100%        6
 Simulacrum               Ice/Necr       0%         N/A       100%        6
 Statue Form              Tmut/Erth      0%         N/A       100%        6
 Ignition                 Fire           0%         3d3       100%        8
 Shatter                  Erth           0%         3d5*      100%        9
 Tornado                  Air            0%         N/A       100%        9


Dungeon Overview and Level Annotations

Branches:
Dungeon (15/15)            Temple (0/1) D:6            Lair (6/6) D:9
 Shoals (2/4) Lair:4       Spider (4/4) Lair:3        Slime (0/5) Lair:5
    Orc (2/2) D:11            Elf (3/3) Orc:2        Vaults (0/5) D:13
 Depths (0/5) D:15          Sewer (visited)           IceCv (visited)

Altars:
Ashenzari
Dithmenos
Elyvilon
Hepliaklqana
Makhleb
Okawaru
Sif Muna
Trog
Xom
Zin
Beogh
Jiyva

Shops:
D:7 [   D:8 :   D:11 *   D:12 =   Orc:2 :[=*   Elf:2 [((*

Portals:
Abyss: D:13
Trove: D:10 (give +4 shadow dragon scales)

Annotations:
D:13 2 transporters, TRUEvector's ghost, journeyman MiBe
D:14 2 runed translucent doors, manon's ghost, journeyman DECj
Lair:1 exclusion: oklob plant
Lair:2 exclusion: oklob plant


Innate Abilities, Weirdness & Mutations

You are too large for most types of armour.
You have claws for hands.
Your natural rate of healing is unusually fast.
You are covered in fur. (AC +1)
You have tough skin. (AC +1)


Message History

The faun shoots a stone.
The stone hits you!
* * * LOW HITPOINT WARNING * * *
You hear an angry hiss.
Your iron troll bites the merfolk!
Your iron troll's attack snaps the merfolk out of its fear.
Your iron troll claws the merfolk!! x2
The merfolk dies!
Trog accepts your kill.
A manticore comes into view.
Your ogre misses the merfolk impaler.
The merfolk avatar cowers, then darts away.
The faun gestures at you while chanting.
You resist with almost no effort.
The faun shoots a stone.
The stone hits you.
* * * LOW HITPOINT WARNING * * *
Your ogre rages.
Your ogre closely misses the merfolk impaler.
The merfolk avatar gibbers meaninglessly.
The faun unwields a +0 quarterstaff.
The faun wields a +0 hunting sling.
The faun shoots a stone.
The stone hits you!
* * * LOW HITPOINT WARNING * * *
The merfolk impaler seems to regain its courage.
The manticore flicks its tail.
The volley of spikes hits you!!
The barbed spikes become lodged in your body.
* * * LOW HITPOINT WARNING * * *
An alligator snapping turtle comes into view.
Your ogre completely misses the merfolk impaler.
As you read the scroll of teleportation, it crumbles to dust.
You feel strangely unstable.
The manticore flicks its tail.
The volley of spikes hits you!
The barbed spikes become lodged in your body.
* * * LOW HITPOINT WARNING * * *
The merfolk avatar begs for mercy.
Your iron troll misses the merfolk impaler. x2
Your iron troll claws the merfolk impaler but does no damage.
Your ogre misses the merfolk impaler.
The merfolk impaler hits your iron troll with a +2 trident of protection.
The alligator snapping turtle bites you from afar!!
You die...

≈≈≈≈≈P≈≈≈P≈≈≈≈.≈≈≈≈≈
≈≈≈≈≈..≈≈≈P≈≈≈P..≈P≈≈
≈≈.......)≈≈P≈PP.≈≈≈≈ ≈≈..
#..?..P....≈≈≈≈
≈≈≈.###..).......≈≈≈≈
≈≈≈.....†.≈..†....≈≈≈
.....O....)..)≈≈≈≈≈≈≈
....mT......H≈≈≈≈≈≈≈≈
...####.@##...)≈c≈≈≈≈ .#
##.####...c≈≈≈≈≈
###.t####....c≈≈≈≈
.###.......##...≈≈≈≈≈
......≈≈≈≈..# #.≈≈≈≈≈
≈≈..≈≈≈≈≈≈..# .≈≈≈≈
≈≈≈≈≈≈≈≈≈...###.≈≈≈≈≈
≈≈≈≈≈≈≈≈≈....≈≈≈≈≈≈≈≈P≈P.#
≈≈...≈≈≈≈≈≈≈≈≈≈≈≈≈≈≈≈≈≈≈...


You could see an alligator snapping turtle, a merfolk impaler (ally target), a
manticore, a friendly iron troll (summoned, berserk) and a friendly ogre
(summoned, berserk).

Vanquished Creatures
  Arachne (Spider:2)
  Jorgrun (D:14)
  3 deep elf blademasters
  2 deep elf master archers (Elf:3)
  A kraken (Shoals:1)
  Donald (Elf:3)
  5 ghost moths
  5 deep elf sorcerers (Elf:3)
  4 emperor scorpions
  A frost giant (IceCv)
  Aizul (Spider:3)
  3 deep elf elementalists (Elf:3)
  4 deep elf demonologists
  9 deep elf annihilators (Elf:3)
  Nessos (D:12)
  Azrael (D:12)
  3 spark wasps
  An entropy weaver (Spider:2)
  5 deep elf death magi (Elf:3)
  A merfolk impaler (Shoals:1)
  An ettin (Orc:1)
  4 deep elf high priests (Elf:3)
  4 vault guards (D:13)
  2 boulder beetles
  A hydra (shapeshifter) (D:15)
  3 catoblepae
  A hydra (Lair:2)
  A centaur warrior (D:13)
  12 death yaks
  3 two-headed ogres
  21 dancing weapons
  16 deep elf knights
  3 skeletal warriors (D:14)
  An unseen horror (shapeshifter) (D:15)
  4 sea snakes
  A glowing orange brain (D:15)
  An orc knight (Orc:2)
  12 deep elf archers
  2 wizards
  8 harpies (Shoals:2)
  A harpy (shapeshifter) (D:14)
  17 orb spiders
  7 fauns
  3 orc sorcerers
  33 deep elf pyromancers
  29 deep elf zephyrmancers
  30 wolf spiders
  6 ugly things
  5 cyclopes
  15 elephants (Lair:6)
  4 manticores (Shoals:1)
  4 merfolk sirens
  The ghost of Sickboy the Slasher, a novice MiFi (D:5)
  4 black mambas
  3 torpor snails
  12 komodo dragons
  A gargoyle (D:12)
  21 cane toads
  2 rime drakes (IceCv)
  A kobold demonologist (D:14)
  A yaktaur (shapeshifter) (D:15)
  7 demonic crawlers
  12 merfolk
  A harpy zombie (D:14)
  5 wind drakes (Shoals:1)
  18 polar bears
  34 jumping spiders
  A wind drake (shapeshifter) (D:15)
  3 trolls
  9 hornets
  8 blink frogs
  Grinder (D:4)
  2 meliai zombies
  31 slime creatures
  2 dream sheep (Lair:6)
  3 snapping turtles
  10 spriggans (Lair:6)
  A shadow (D:12)
  Sigmund (D:4)
  7 water elementals
  67 redbacks
  64 yaks
  33 tarantellas
  Eustachio (D:4)
  2 vampires
  A basilisk (shapeshifter) (D:14)
  2 wraiths
  5 wyverns
  4 fire elementals
  A golden eye (shapeshifter) (D:15)
  A hog (shapeshifter) (D:15)
  3 vampire mosquitoes (D:14)
  3 basilisks
  A warg (Orc:2)
  An acid dragon (D:12)
  22 water moccasins
  3 hell hounds (D:12)
  19 orc warriors
  A hornet zombie (D:10)
  4 ice beasts
  6 black bears
  6 ogres
  3 sky beasts
  4 boggarts (Lair:6)
  30 wolves
  11 centaurs
  A necrophage (D:11)
  4 phantoms
  A kobold brigand (D:8)
  20 bullfrogs
  3 gnoll sergeants (D:8)
  2 earth elementals
  5 scorpions
  6 killer bees
  A wight (D:5)
  3 howler monkeys
  11 jellies
  4 centaur zombies
  3 bullfrog zombies
  A quasit (D:10)
  4 centaur skeletons
  14 hounds
  Crazy Yiuf (D:7)
  A gnoll shaman (D:7)
  16 orc priests
  5 bullfrog skeletons
  2 iguanas
  18 orc wizards
  Terence (D:2)
  16 worker ants
  A killer bee zombie (D:7)
  A hound zombie (D:8)
  2 worker ant zombies
  38 gnolls
  10 adders
  2 river rats
  A shadow imp (D:4)
  8 white imps
  An ufetubus (D:7)
  10 oozes
  An adder zombie (D:10)
  2 adder skeletons
  6 worms
  4 leopard geckos
  88 orcs
  9 giant cockroaches
  9 goblins
  5 hobgoblins
  10 jackals
  5 quokkas
  6 ball pythons
  8 bats
  5 frilled lizards
  17 kobolds
  A leopard gecko skeleton (D:7)
  A quokka zombie (D:5)
  12 rats
  4 tentacles (Shoals:1)
1218 creatures vanquished.

Vanquished Creatures (collateral kills)
  Nikola (Spider:3)
  Agnes (D:14)
  A deep elf demonologist (Elf:3)
  3 deep elf annihilators
  The ghost of Buguepn the Severer, a journeyman DDFi of Makhleb (Orc:2)
  A deep elf death mage (Elf:3)
  2 deep elf high priests
  4 vault guards (D:13)
  An ogre mage (Orc:2)
  3 hydras
  3 death yaks (Lair:2)
  4 two-headed ogres
  Urug (Orc:2)
  3 orc high priests (Orc:2)
  5 deep elf knights
  3 orc knights (Orc:2)
  3 deep elf archers
  4 deep elf zephyrmancers
  6 deep elf pyromancers
  4 orb spiders
  4 orc sorcerers (Orc:2)
  9 wolf spiders
  An elephant (Lair:6)
  A black mamba (Lair:6)
  A water nymph (Shoals:2)
  A gargoyle (D:14)
  3 cane toads
  Maggie (D:8)
  A komodo dragon (Lair:5)
  A demonic crawler (Spider:3)
  6 jumping spiders
  4 merfolk (Shoals:2)
  2 polar bears (Lair:6)
  A troll (D:9)
  3 hornets
  A wind drake (Shoals:2)
  2 snapping turtles (Shoals:2)
  3 spriggans (Lair:6)
  2 redbacks (Spider:4)
  7 tarantellas
  6 yaks
  2 wyverns
  2 water moccasins (Lair:6)
  7 orc warriors (Orc:2)
  5 ogres (Orc:2)
  6 wolves (Lair:6)
  2 phantoms (D:8)
  2 bullfrogs (D:8)
  4 wights (D:9)
  A hound (D:9)
  4 orc priests
  A bullfrog skeleton (D:12)
  3 orc wizards
  A killer bee zombie (D:8)
  A howler monkey zombie (D:9)
  7 white imps (Lair:5)
  18 orcs
  A bat (D:8)
  A kobold (D:8)
182 creatures vanquished.

Vanquished Creatures (others)
  A tarantella (Spider:3)
  A redback (Spider:4)
  An acid dragon (D:12)
  A quokka (D:8)
  52 fungi
  53 plants
  2 tentacles (Shoals:1)
111 creatures vanquished.

Grand Total: 1511 creatures vanquished

Notes
Turn   | Place    | Note
-------+----------+-------------------------------------------
     0 | D:1      | Johnny the Troll Berserker began the quest for the Orb.
     0 | D:1      | Reached XP level 1. HP: 22/22 MP: 0/0
   196 | D:1      | Reached XP level 2. HP: 28/29 MP: 1/1
   376 | D:1      | Reached skill level 3 in Long Blades
   934 | D:2      | Reached XP level 3. HP: 29/36 MP: 2/2
  1063 | D:2      | Reached ** piety under Trog
  1114 | D:2      | Reached XP level 4. HP: 26/45 MP: 3/3
  1177 | D:2      | Found a shimmering altar of Xom.
  1221 | D:2      | HP: 2/67 [something/magic dart (8)]
  1236 | D:2      | Reached skill level 4 in Long Blades
  1269 | D:2      | Noticed Terence
  1271 | D:2      | Found a glowing silver altar of Zin.
  1286 | D:2      | Killed Terence
  1287 | D:2      | Reached XP level 5. HP: 33/53 MP: 4/4
  1559 | D:3      | Found a white marble altar of Elyvilon.
  1795 | D:3      | Paralysed by a hobgoblin for 7 turns
  1947 | D:3      | Reached *** piety under Trog
  2357 | D:4      | Reached XP level 6. HP: 54/62 MP: 5/5
  2391 | D:4      | Noticed Grinder
  2401 | D:4      | Killed Grinder
  2402 | D:4      | Reached skill level 5 in Long Blades
  2438 | D:4      | Noticed Sigmund
  2465 | D:4      | Killed Sigmund
  2466 | D:4      | Reached XP level 7. HP: 69/71 MP: 6/6
  2510 | D:4      | Reached skill level 6 in Long Blades
  2589 | D:4      | Found a shimmering blue altar of Sif Muna.
  2592 | D:4      | Found a hazy altar of Hepliaklqana.
  2592 | D:4      | Found a broken altar of Ashenzari.
  2593 | D:4      | Found a bloodstained altar of Trog.
  2595 | D:4      | Noticed Eustachio
  2609 | D:4      | Killed Eustachio
  2659 | D:4      | Found a burning altar of Makhleb.
  3176 | D:5      | Entered Level 5 of the Dungeon
  3378 | D:5      | Reached skill level 5 in Fighting
  3378 | D:5      | Reached XP level 8. HP: 63/80 MP: 7/7
  3442 | D:5      | Reached skill level 7 in Long Blades
  3456 | D:5      | Found a transporter.
  3456 | D:5      | Noticed Sickboy's ghost (novice MiFi)
  3736 | D:5      | Found a transporter.
  3750 | D:5      | Found a glowing drain.
  3761 | Sewer    | Entered a sewer
  3952 | Sewer    | Reached **** piety under Trog
  4422 | D:5      | Killed Sickboy's ghost
  4423 | D:5      | Reached skill level 8 in Long Blades
  4598 | D:6      | Found a staircase to the Ecumenical Temple.
  4983 | D:6      | Reached XP level 9. HP: 79/89 MP: 8/8
  5518 | D:7      | Found Tiomolig's Armour Boutique.
  5726 | D:7      | Reached skill level 9 in Long Blades
  6126 | D:7      | Found a runed translucent door.
  6127 | D:7      | Noticed Crazy Yiuf
  6436 | D:7      | Killed Crazy Yiuf
  6633 | D:8      | Noticed Maggie
  6653 | D:7      | Reached ***** piety under Trog
  6764 | D:8      | Killed Maggie
  6833 | D:8      | Found Duliets's Book Boutique.
  6902 | D:8      | Reached skill level 10 in Long Blades
  7290 | D:9      | Reached XP level 10. HP: 97/102 MP: 9/9
  7362 | D:9      | Found a broken altar of Ashenzari.
  8003 | D:9      | Found an iron altar of Okawaru.
  8183 | D:9      | Found a staircase to the Lair.
  8654 | D:8      | Reached skill level 11 in Long Blades
  9026 | D:10     | Entered Level 10 of the Dungeon
  9336 | D:10     | Found a portal to a secret trove of treasure.
  9777 | D:11     | Noticed a two-headed ogre
  9791 | D:11     | Killed a two-headed ogre
  9922 | D:11     | Found Turawui's Demolitions Depot.
 10293 | D:11     | Reached XP level 11. HP: 113/113 MP: 10/10
 10524 | D:11     | Reached skill level 12 in Long Blades
 10755 | D:11     | Found a staircase to the Orcish Mines.
 10891 | D:12     | Noticed a deep elf pyromancer
 10896 | D:12     | Noticed a deep elf pyromancer
 11050 | D:12     | Identified the ring of Rous Kiw {Will- Dex+4 Slay+4 SInv}
 11326 | D:12     | Noticed a two-headed ogre
 11335 | D:12     | Killed a two-headed ogre
 11567 | D:12     | Killed a deep elf pyromancer
 11568 | D:12     | Reached skill level 13 in Long Blades
 11703 | D:12     | Killed a deep elf pyromancer
 11908 | D:12     | Reached XP level 12. HP: 95/126 MP: 11/11
 11935 | D:12     | Noticed Nessos
 11980 | Orc:1    | Entered Level 1 of the Orcish Mines
 12022 | Orc:1    | Reached skill level 10 in Fighting
 12306 | Orc:1    | Received a gift from Trog
 12343 | Orc:1    | Noticed an ettin
 12354 | Orc:1    | Killed an ettin
 12417 | Orc:1    | Noticed a two-headed ogre
 12423 | Orc:1    | Killed a two-headed ogre
 12757 | Orc:2    | Entered Level 2 of the Orcish Mines
 12787 | Orc:2    | Noticed a two-headed ogre
 12787 | Orc:2    | Noticed a two-headed ogre
 12788 | Orc:2    | Noticed a two-headed ogre
 12789 | Orc:2    | Noticed an ogre mage
 12790 | Orc:2    | Killed a two-headed ogre
 12790 | Orc:2    | Killed a two-headed ogre
 12792 | Orc:2    | Killed a two-headed ogre
 12794 | Orc:2    | Killed an ogre mage
 12796 | Orc:2    | Reached skill level 14 in Long Blades
 12959 | Orc:2    | Found a staircase to the Elven Halls.
 13132 | Orc:2    | Noticed Buguepn's ghost (journeyman DDFi)
 13133 | Orc:2    | Found a runed translucent gate.
 13134 | Orc:2    | Found a runed translucent gate.
 13134 | Orc:2    | Found a runed translucent gate.
 13254 | Orc:2    | Found Adeopp's General Store.
 13256 | Orc:2    | Noticed an orc high priest
 13261 | Orc:2    | Noticed an orc high priest
 13265 | Orc:2    | Noticed Urug
 13271 | Orc:2    | Killed an orc high priest
 13279 | Orc:2    | Killed an orc high priest
 13372 | Orc:2    | Killed Urug
 13386 | Orc:2    | Noticed an orc high priest
 13387 | Orc:2    | Killed an orc high priest
 13403 | Orc:2    | Found Zaceniul's Book Shop.
 13404 | Orc:2    | Found Mionuow's Jewellery Shoppe.
 13404 | Orc:2    | Found Zapim's Armour Shoppe.
 13414 | Orc:2    | Bought a potion of lignification for 42 gold pieces
 13414 | Orc:2    | Bought a scroll of identify for 28 gold pieces
 13602 | Orc:2    | Killed Buguepn's ghost
 13613 | Orc:2    | Identified the amulet "Ralemp" {RegenMP Int+4}
 13823 | Lair:1   | Entered Level 1 of the Lair of Beasts
 14325 | Lair:1   | Reached XP level 13. HP: 83/137 MP: 12/12
 14927 | Lair:1   | Reached skill level 15 in Long Blades
 16098 | Lair:2   | Received a gift from Trog
 16386 | Lair:3   | Found a hole to the Spider Nest.
 16452 | Lair:3   | Reached skill level 16 in Long Blades
 17228 | Lair:4   | Reached XP level 14. HP: 141/149 MP: 13/13
 17505 | Lair:4   | Found a shadowy altar of Dithmenos.
 17523 | Lair:4   | Found a staircase to the Shoals.
 18614 | D:7      | Bought the +9 scales of the Dragon King {rPois rF+ rC+
                  | Will+} for 1497 gold pieces
 18614 | D:7      | Found the +9 scales of the Dragon King {rPois rF+ rC+
                  | Will+}
 18838 | Lair:5   | Found a frozen archway.
 18843 | Lair:5   | Received a gift from Trog
 18877 | IceCv    | Entered an ice cave
 19371 | IceCv    | Noticed a frost giant
 19399 | IceCv    | Killed a frost giant
 19441 | IceCv    | Reached skill level 17 in Long Blades
 19911 | Lair:5   | Found a staircase to the Slime Pits.
 19911 | Lair:5   | Found a viscous altar of Jiyva.
 20636 | Lair:6   | Entered Level 6 of the Lair of Beasts
 21225 | Lair:6   | Reached XP level 15. HP: 159/159 MP: 14/14
 21599 | Lair:6   | Reached ****** piety under Trog
 22707 | D:12     | Killed Nessos
 22782 | D:12     | Found Ypsak's Jewellery Shoppe.
 22804 | D:12     | Noticed Azrael
 22831 | D:12     | Killed Azrael
 22832 | D:12     | Reached skill level 18 in Long Blades
 22914 | D:12     | Received a gift from Trog
 23500 | D:13     | Found a transporter.
 23520 | D:13     | Found a transporter.
 23542 | D:13     | Found a one-way gate to the infinite horrors of the Abyss.
 23542 | D:13     | Noticed TRUEvector's ghost (journeyman MiBe)
 23931 | D:13     | Found a gate to the Vaults.
 24151 | D:14     | Noticed Jorgrun
 24160 | D:14     | Killed Jorgrun
 24174 | D:14     | Noticed Agnes
 24189 | D:14     | Killed Agnes
 24628 | D:14     | Identified the +8 great sword of Zoixuk {vorpal, rF+
                  | Stlth+} (Trog gifted it to you on level 14 of the Dungeon)
 24628 | D:14     | Received a gift from Trog
 24698 | D:14     | Noticed manon's ghost (journeyman DECj)
 24698 | D:14     | Noticed a lich
 24699 | D:14     | Noticed a sphinx
 24860 | D:14     | Reached XP level 16. HP: 172/172 MP: 15/15
 24959 | D:14     | Found a runed translucent door.
 25012 | D:14     | Found a runed translucent door.
 25406 | D:15     | Entered Level 15 of the Dungeon
 25613 | D:15     | Found a staircase to the Depths.
 26354 | Elf:1    | Entered Level 1 of the Elven Halls
 26360 | Orc:2    | Reached XP level 17. HP: 140/182 MP: 16/16
 26518 | Elf:1    | Received a gift from Trog
 26522 | Elf:1    | Reached skill level 19 in Long Blades
 27850 | Elf:2    | Received a gift from Trog
 28071 | Elf:2    | Found Kudel's Weapon Boutique.
 28073 | Elf:2    | Found Kiunk's Weapon Shop.
 28076 | Elf:2    | Found Unuv's General Store.
 28087 | Elf:2    | Bought a scroll of fear for 38 gold pieces
 28087 | Elf:2    | Bought a scroll of fear for 38 gold pieces
 28087 | Elf:2    | Bought a potion of heal wounds for 55 gold pieces
 28087 | Elf:2    | Bought a scroll of identify for 22 gold pieces
 28324 | Elf:2    | Found a huge runed translucent gate.
 28324 | Elf:2    | Found a huge runed translucent gate.
 28335 | Elf:2    | Found a huge runed translucent gate.
 28428 | Elf:2    | Found Hiyq's Armour Shop.
 28434 | Elf:2    | Reached skill level 15 in Fighting
 28740 | Elf:2    | Found a huge runed translucent gate.
 28740 | Elf:2    | Found a huge runed translucent gate.
 29169 | Elf:2    | Noticed a deep elf blademaster
 29178 | Elf:2    | Killed a deep elf blademaster
 29179 | Elf:2    | Reached skill level 20 in Long Blades
 29709 | Elf:3    | Entered Level 3 of the Elven Halls
 29715 | Elf:3    | Received a gift from Trog
 30044 | Elf:3    | Reached XP level 18. HP: 140/193 MP: 17/17
 30736 | Elf:3    | Noticed Donald
 30755 | Elf:3    | Killed Donald
 30821 | Elf:3    | Identified the +7 great sword of Internal Strife {flame,
                  | Int+2} (Trog gifted it to you on level 3 of the Elven
                  | Halls)
 30821 | Elf:3    | Received a gift from Trog
 31448 | Elf:3    | Identified the +8 demon trident of the Gnat {drain, rC+}
 31456 | Elf:3    | Identified the +9 scimitar of Dullness {antimagic, rPois}
 31465 | Elf:3    | Reached skill level 21 in Long Blades
 31784 | Elf:3    | Identified the +8 war axe of Karma {freeze, +Rage rF+ rC+
                  | Str-4}
 31951 | Elf:3    | Identified the +8 spear "Naful" {pain, rElec rC+ Int+2
                  | Dex+4}
 31955 | Elf:3    | Identified the +5 short sword of Sandy Guilt {pain, rPois
                  | Int+4 Dex-3 SInv}
 31988 | Elf:3    | Identified the Volume of the Earthen Entourage
 32006 | Elf:3    | Identified the +1 dagger "Limuuhuo" {drain, +Fly}
 32009 | Elf:3    | Identified the +4 shortbow of Soqa {flame, Will+ Int+4}
 32416 | Spider:1 | Entered Level 1 of the Spider Nest
 33176 | Spider:2 | Reached skill level 1 in Stealth
 33176 | Spider:2 | Reached XP level 19. HP: 136/204 MP: 18/18
 33288 | Spider:2 | Noticed Arachne
 33303 | Spider:2 | Killed Arachne
 34399 | Spider:3 | Noticed Aizul
 34402 | Spider:3 | Received a gift from Trog
 34413 | Spider:3 | Killed Aizul
 34772 | Spider:3 | Noticed Nikola
 34794 | Spider:3 | Killed Nikola
 35104 | Spider:3 | Reached skill level 5 in Dodging
 35334 | Spider:4 | Entered Level 4 of the Spider Nest
 35415 | Spider:4 | Paralysed by a hornet for 3 turns
 35430 | Spider:4 | Received a gift from Trog
 36196 | Spider:4 | Got a gossamer rune of Zot
 36481 | Shoals:1 | Entered Level 1 of the Shoals
 36555 | Shoals:1 | Reached skill level 5 in Armour
 36914 | Shoals:1 | Identified a scroll of acquirement
 36917 | Shoals:1 | Acquired the ring of Cuxew {rElec rPois rCorr Dex-4 Slay+3}
 37196 | Shoals:1 | Received a gift from Trog
 37330 | Shoals:2 | Reached XP level 20. HP: 127/215 MP: 19/19
 37480 | Shoals:2 | Slain by an alligator snapping turtle

Illustrated notes

Levels and vault maps discovered:
D:1:      dpeg_arrival_brainrot, layout_basic
D:2:      layout_rooms, overflow_temple_1_default, kennysheep_cluttered_room,
          xom_teletrap_fun, uniq_terence
D:3:      layout_basic, elyvilon_altar_3
D:4:      layout_basic, overflow_temple_1_default,
          chequers_temple_overflow_statue_of_worship, kennysheep_big_empty_room,
          uniq_grinder, uniq_sigmund, uniq_eustachio
D:5:      layout_basic, gammafunk_ghost_mausoleum, portal_sewer_entry_a
D:6:      layout_basic, minmay_temple_entry_fiery
D:7:      layout_loops_ring, kennysheep_small_square, uniq_crazy_yiuf_cottage
D:8:      layout_cave_pools, serial_gnoll_camp, gnoll_camp_huts_moat,
          gnoll_camp_mini_sergeant, gnoll_camp_mini_shop,
          gnoll_camp_mini_loothouse, uniq_maggie
D:9:      layout_loops_cross, marbit_many_paths, david_lair_shrubbed,
          special_room [special_room_orc], cheibrodos_ashenzari_chains
D:10:     layout_long_grid, enter_trove_1
D:11:     layout_irregular_city, david_orc_5, nicolae_blasting_shop,
          corexii_hall_statues_t
D:12:     layout_long_grid, serial_shops, shop, minmay_fountain_box,
          minmay_misc_feat_ornament, uniq_azrael, uniq_nessos
D:13:     layout_irregular_city, erik_vaults_2, gammafunk_ghost_abyssal_escape,
          eino_small_chamber_without_monster
D:14:     layout_cave_pods, muffindrake_ghost_dual_entry,
          amcnicky_mini_rare_corridor_liquid, uniq_jorgrun, uniq_agnes
D:15:     gammafunk_enter_depths_forms, layout_basic,
          hangedman_decor_clover_reticule, drop_trap, minmay_misc_feat_enclosed
Lair:1:   layout_hall_layers, gammafunk_lair_bear_cave,
          minmay_lair_oklob_chamber
Lair:2:   lemuel_slime, layout_hall_layers, lemuel_fruit_tree
Lair:3:   layout_gridlike, spider_nest_entry_webs, grunt_megastairs_4
Lair:4:   layout_cave_pods, minmay_shoals_entry_centaurs, basic_altar,
          grunt_megastairs_1, serial_bayou_shore_a
Lair:5:   layout_regular_city, slime_altar_1, portal_ice_cave_entry_imps,
          lemuel_fruit_fields
Lair:6:   minmay_lair_end_enchanted_forest, layout_concentric_octagons
Shoals:1: layout_shoals
Shoals:2: layout_shoals
Spider:1: layout_spider_delve, drop_trap
Spider:2: layout_chambers, nicolae_arachne_temple
Spider:3: layout_spider_delve, drop_trap, hangedman_spider_tarantella_strand,
          uniq_nikola, uniq_arachne, uniq_aizul
Spider:4: grunt_spider_rune_parallel
Orc:1:    layout_caves
Orc:2:    st_orc_elflike, layout_caves, gammafunk_ghost_split, uniq_urug
Elf:1:    minmay_elf_arrival_circle, layout_geoelf_octagon,
          hangedman_elf_represent
Elf:2:    layout_onion_city, serial_shops, nicolae_shop_waterfront,
          minmay_shop_star
Elf:3:    minmay_elf_hall_four_x, layout_loops_cross,
          kennysheep_underground_church, uniq_donald

Skill      XL: |  1  2  3  4  5  6  7  8  9 10 11 12 13 14 15 16 17 18 19 20 |
---------------+-------------------------------------------------------------+-----
Long Blades    | 3 4 5 6 8 10 11 13 14 16 17 18 20 21 | 21.9
Fighting       | 3 4 5 6 7 8 9 11 12 13 14 15 16 | 16.7
Armour         | 2 5 |  5.4
Dodging        | 3 5 6 |  6.0
Stealth        | 1 3 |  3.4

Action                   |  1- 3 |  4- 6 |  7- 9 | 10-12 | 13-15 | 16-18 | 19-21 || total
-------------------------+-------+-------+-------+-------+-------+-------+-------++-------
Melee: Falchion          |   127 |   202 |   545 |   711 |  1764 |       |       ||  3349
       Long sword        |       |       |       |   211 |       |       |       ||   211
       Great sword       |       |       |       |       |    19 |   807 |   537 ||  1363
Invok: Berserk           |     2 |     5 |    10 |    19 |    16 |     6 |     2 ||    60
       Trog's Hand       |       |     2 |     8 |     7 |     3 |     9 |     3 ||    32
       Brothers in Arms  |       |       |     3 |     9 |     9 |     8 |     9 ||    38
Evoke: Wand              |       |     2 |    14 |    20 |     8 |    23 |     2 ||    69
       Box of beasts     |       |       |       |       |     1 |     1 |     1 ||     3
       Condenser vane    |       |       |       |       |     1 |     1 |       ||     2
       Lightning rod     |       |       |       |       |       |     2 |     5 ||     7
  Use: Potion            |       |     3 |     2 |     1 |     3 |     1 |    10 ||    20
       Scroll            |       |       |    10 |     7 |    13 |    11 |     9 ||    50
 Stab: Sleeping          |       |     1 |     2 |       |       |       |       ||     3
       Paralysed         |       |       |    13 |     8 |     4 |       |       ||    25
       Distracted        |       |       |       |     1 |     1 |     1 |     1 ||     4
       Invisible         |       |       |       |       |       |       |     9 ||     9
       Held in net/web   |       |       |       |       |       |       |     1 ||     1
Armor: Animal skin       |    52 |    51 |    28 |       |       |       |       ||   131
       Skin              |       |    10 |       |       |    27 |       |       ||    37
       Robe              |       |       |   148 |   224 |       |       |       ||   372
       Acid dragon scale |       |       |       |       |   152 |       |       ||   152
       Gold dragon scale |       |       |       |       |  1157 |   692 |   851 ||  2700
Dodge: Dodged            |    82 |   111 |   339 |   331 |   399 |   119 |   220 ||  1601
       Rpst.: Falchion   |    27 |    39 |    95 |    78 |   115 |       |       ||   354
       Long sword        |       |       |       |    23 |       |       |       ||    23
       Great sword       |       |       |       |       |       |    30 |    38 ||    68

Table legend: (Time is in decaauts)
 A = Elapsed time spent in this place.
 B = Non-inter-level travel time spent in this place.
 C = Inter-level travel time spent in this place.
 D = Time resting spent in this place.
 E = Time spent auto-exploring this place.
 F = Levels seen in this place.
 G = Mean time per level.
                   A        B        C        D        E       F      G
               +--------+--------+--------+--------+--------+-----+--------+
         Total |  36912 |  34389 |   2523 |   4624 |  21452 |  34 | 1085.6 |
       Dungeon |  16166 |  14715 |   1451 |   1425 |   9709 |  15 | 1077.7 |
          Lair |   7006 |   6467 |    539 |    570 |   4489 |   6 | 1167.7 |
        Shoals |   1027 |   1004 |     23 |    109 |    581 |   2 |  513.5 |
   Spider Nest |   3885 |   3764 |    121 |    569 |   2342 |   4 |  971.2 |
  Orcish Mines |   1709 |   1597 |    112 |    338 |    857 |   2 |  854.5 |
   Elven Halls |   5792 |   5516 |    276 |   1612 |   2634 |   3 | 1930.7 |
         Sewer |    361 |    361 |      0 |      0 |    228 |   1 |  361.0 |
      Ice Cave |    965 |    965 |      0 |      0 |    609 |   1 |  965.0 |
               +--------+--------+--------+--------+--------+-----+--------+

Top non-repeatable levels by time:
   Elf:2: 2164 daAuts
   Elf:3: 2160 daAuts
     D:9: 1695 daAuts
    D:12: 1484 daAuts
   Elf:1: 1466 daAuts
Spider:2: 1416 daAuts
  Lair:6: 1411 daAuts
     D:7: 1360 daAuts
    D:11: 1340 daAuts
  Lair:1: 1306 daAuts
    D:14: 1281 daAuts
  Lair:4: 1235 daAuts
  Lair:2: 1194 daAuts
     D:5: 1072 daAuts
     D:8: 1069 daAuts
